AoeStats
← Valeier

Arabia

507801350Analyzed
1v1 RM · 13d ago on Sep 19, 2026· 26m 2s· 2 players
Game mode
Random Map
Map size
Tiny (2 player)
Population
200
Speed
Normal
Resources
Standard
Victory
Conquest
Starting age
Dark Age
Ending age
Imperial Age
RankedLock teamsTeams togetherTeam positionsShared explorationLock speedFull tech treeHidden civsTurbo modeCheats
Victory
Defeat
🇸🇪 Franks · Sweden
1497
+18
🇺🇸 Italians · United States
1541
-18
Valeier
7:13 Loom
9:32 Feudal Age
10:10 Man-at-Arms
17:00 Fletching
21:48 Castle Age
20:26 Padded Archer Armor
20:24 Double-Bit Axe
21:54 Crossbowman
23:05 Bow Saw
23:31 Wheelbarrow
23:03 Bodkin Arrow
24:15 Wheelbarrow
25:56 Hand Cart
PigeonOnABrick
6:42 Loom
9:19 Feudal Age
9:32 Man-at-Arms
10:28 Double-Bit Axe
15:45 Fletching
16:26 Padded Archer Armor
23:04 Castle Age
22:53 Horse Collar
24:21 Elite Skirmisher
25:18 Bodkin Arrow
25:38 Leather Archer Armor
Connection lost

Rejoining the realm…

Still unreachable

The connection could not be restored.

Session expired

The server has moved on; the page needs a fresh start.